 Dungeon Crawl Stone Soup version 0.29-a0-111-gbaf749a769 (webtiles) character file.

Game seed: 14576513128409512968

830 frimble the Chiller (level 7, 0/51 HPs)
             Began as a Gnoll Ice Elementalist on Feb 18, 2022.
             Slain by a wyvern zombie (11 damage)
             ... on level 5 of the Dungeon.
             The game lasted 00:06:47 (6214 turns).

frimble the Chiller (Gnoll Ice Elementalist)        Turns: 6214, Time: 00:06:47

Health: 0/51       AC: 10    Str:  9    XL:     7   Next: 97%
Magic:  10/15      EV: 14    Int: 14    God:
Gold:   206        SH:  0    Dex: 13    Spells: 8/17 levels left

rFire   . . .      SeeInvis .   d - +2 dagger (vamp)
rCold   . . .      Faith    .   (no shield)
rNeg    . . .      Spirit   .   e - +0 robe {Will+}
rPois   .          Reflect  .   n - +0 helmet
rElec   .          Harm     .   (no cloak)
rCorr   .          Rampage  .   (no gloves)
Will    .....                   (no boots)
Stlth   +++.......              b - amulet of the acrobat
HPRegen 0.17/turn               (no ring)
MPRegen 0.14/turn               (no ring)

@: ice-armoured, weak-willed, freezing walls, hasted, very quick
A: fangs 1, strong nose, distributed training
a: no special abilities


You were on level 5 of the Dungeon.
You visited 1 branch of the dungeon, and saw 5 of its levels.

You collected 206 gold pieces.

Inventory:

Hand Weapons
 d - a +2 vampiric dagger (weapon)
 g - a +0 short sword
Armour
 e - a +0 robe of willpower (worn)
 n - a +0 helmet (worn)
Jewellery
 b - an amulet of the acrobat (around neck)
 q - a ring of magical power
 s - a ring of poison resistance
Scrolls
 i - a scroll of brand weapon
 l - 4 scrolls of identify
 m - a scroll of fear
Potions
 f - a potion of lignification {unknown}
 h - 2 potions of heal wounds {unknown}
 j - a potion of brilliance {unknown}
 o - a potion of curing
 p - a potion of might {unknown}
 t - a potion of attraction {unknown}


   Skills:
 + Level 2.8 Fighting
 + Level 2.8 Short Blades
 + Level 2.8 Long Blades
 + Level 2.8 Axes
 + Level 2.8 Maces & Flails
 + Level 2.8 Polearms
 + Level 2.8 Staves
 + Level 2.8 Slings
 + Level 2.8 Bows
 + Level 2.8 Crossbows
 + Level 2.8 Throwing
 + Level 2.8 Armour
 + Level 5.4 Dodging
 + Level 5.1 Stealth
 + Level 2.8 Shields
 + Level 2.8 Unarmed Combat
 + Level 5.8 Spellcasting
 + Level 2.3 Conjurations
 + Level 2.3 Hexes
 + Level 2.3 Summonings
 + Level 2.3 Necromancy
 + Level 2.3 Translocations
 + Level 2.3 Transmutations
 + Level 2.3 Fire Magic
 + Level 7.5 Ice Magic
 + Level 2.3 Air Magic
 + Level 2.3 Earth Magic
 + Level 2.3 Poison Magic
 + Level 3.1 Invocations
 + Level 2.8 Evocations


You had 8 spell levels left.
You knew the following spells:

 Your Spells              Type           Power      Damage    Failure   Level
a - Freeze                Ice            100%       1d11      1%          1
b - Frozen Ramparts       Ice            50%        1d7       2%          3
c - Ozocubu's Armour      Ice            25%        N/A       2%          3
d - Blink                 Tloc           20%        N/A       10%         2

Your spell library contained the following spells:

 Spells                   Type           Power      Damage    Failure   Level
 Summon Small Mammal      Summ           40%        N/A       6%          1
 Scorch                   Fire           20%        2d6       10%         2
 Call Canine Familiar     Summ           10%        N/A       19%         3
 Lesser Beckoning         Tloc           10%        N/A       19%         3
 Summon Guardian Golem    Hex/Summ       10%        N/A       19%         3
 Hailstorm                Conj/Ice       17%        3d6       22%         4
 Flame Wave               Conj/Fire      10%        2d5       52%         4
 Manifold Assault         Tloc           10%        N/A       86%         5
 Summon Cactus Giant      Summ           5%         N/A       100%        6


Dungeon Overview and Level Annotations

Branches:
Dungeon (5/15)
 Temple: D:4-7

Altars:


Innate Abilities, Weirdness & Mutations

You have very sharp teeth.
Your uncanny sense of smell can sniff out nearby items.
Your experience applies equally to all skills.


Message History

The wyvern zombie bites you.
You hit the wyvern zombie.
You bite the wyvern zombie, but do no damage.
The wyvern zombie is moderately damaged.
The wyvern zombie completely resists.
The wall freezes the wyvern zombie but does no damage.
The wyvern zombie closely misses you.
The wyvern zombie completely resists.
The wall freezes the wyvern zombie but does no damage.
The wyvern zombie bites you but does no damage.
You are too injured to fight recklessly!
You are too injured to fight recklessly!
You are too injured to fight recklessly!
You can't see any enemies this would affect, really read the scroll of fear? [Y]es or [N]o only, please.
You can't see any enemies this would affect, really read the scroll of fear?
Okay, then.
As you read the scroll labelled MOKHEP VEIBUF, it crumbles to dust.
The scroll dissolves into smoke.
It was a scroll of fog.
The wyvern zombie completely resists.
The wall freezes the wyvern zombie but does no damage.
The wyvern zombie misses you.
As you read the scroll labelled FACUEH WASS, it crumbles to dust.
Magic quickly surges around you.
It was a scroll of vulnerability.
The wyvern zombie completely resists.
The wall freezes the wyvern zombie but does no damage.
The wyvern zombie bites you but does no damage.
As you read the scroll labelled VYFFIO ISEX, it crumbles to dust.
You feel aware of your surroundings.
It was a scroll of magic mapping.
The wall freezes the wyvern zombie but does no damage.
The wyvern zombie barely misses you.
Okay, then.
It was a potion of haste.
You feel yourself speed up.
The wyvern zombie completely resists.
The wall freezes the wyvern zombie but does no damage.
The wyvern zombie bites you.
* * * LOW HITPOINT WARNING * * *
The wyvern zombie completely resists.
The wall freezes the wyvern zombie but does no damage.
The wyvern zombie bites you!
You die...

,,,,*,,,,*,,,,*,,,,,*,,,,,,,,*,,,
,,,,*,,,,*,,,,*,,,,,*∆,,,,,,,*,,,
,,,,*,,,,*,,,,*,,,,,*,,,,,,,,*,,,
,,,**,,,***#+***###########*+**,,
,,,**,,.####.####...##....##,**,,
,,,,,,,.........#..........#,,,,,
,,,**,,.......§§#§§........#,,,,,
*****,,.......§§#§§....(...#,,,,,
*,,,..$....§Z@§.........#,,,,,
**,,...##...#§§§........#,,,,,
*******#####§§§.##>...##,,,,,
#.#####....####### ###
#............ #......<.....
#............ #.....†......
#.....)......


You could see a wyvern zombie (weak-willed).

Vanquished Creatures
  Sigmund (D:2)
  A black bear (D:2)
  An ogre (D:5)
  A bullfrog (D:4)
  A scorpion (D:5)
  A jelly (D:4)
  A hound (D:4)
  An orc priest (D:4)
  A centaur skeleton (D:4)
  An iguana (D:5)
  A scorpion zombie (D:5)
  A killer bee zombie (D:4)
  Robin (D:2)
  4 adders
  An ufetubus (D:4)
  An adder skeleton (D:4)
  2 worms
  6 dart slugs
  10 orcs
  9 endoplasms
  A giant cockroach (D:1)
  17 goblins
  10 hobgoblins
  6 jackals
  5 kobolds
  3 quokkas
  6 ball pythons
  5 bats
  7 frilled lizards
  5 rats
111 creatures vanquished.

Notes
Turn   | Place    | Note
-------+----------+-------------------------------------------
     0 | D:1      | frimble the Gnoll Ice Elementalist began the quest for the
                  | Orb.
     0 | D:1      | Reached XP level 1. HP: 13/13 MP: 6/6
   447 | D:1      | Reached XP level 2. HP: 14/19 MP: 5/7
  1193 | D:1      | Reached XP level 3. HP: 22/25 MP: 9/9
  1263 | D:1      | Reached skill level 5 in Spellcasting
  2023 | D:2      | Noticed Robin
  2224 | D:3      | Learned a level 3 spell: Frozen Ramparts
  2228 | D:3      | Learned a level 3 spell: Ozocubu's Armour
  2231 | D:3      | Learned a level 2 spell: Blink
  2238 | D:3      | Reached skill level 1 in Invocations
  2301 | D:3      | Reached skill level 1 in Fighting
  2301 | D:3      | Reached skill level 1 in Short Blades
  2301 | D:3      | Reached skill level 1 in Long Blades
  2301 | D:3      | Reached skill level 1 in Axes
  2301 | D:3      | Reached skill level 1 in Maces & Flails
  2301 | D:3      | Reached skill level 1 in Polearms
  2301 | D:3      | Reached skill level 1 in Staves
  2301 | D:3      | Reached skill level 1 in Slings
  2301 | D:3      | Reached skill level 1 in Bows
  2301 | D:3      | Reached skill level 1 in Crossbows
  2301 | D:3      | Reached skill level 1 in Throwing
  2301 | D:3      | Reached skill level 1 in Armour
  2301 | D:3      | Reached skill level 1 in Shields
  2301 | D:3      | Reached skill level 1 in Unarmed Combat
  2301 | D:3      | Reached skill level 1 in Evocations
  2636 | D:3      | Found a faded altar of an unknown god.
  2725 | D:3      | Reached XP level 4. HP: 32/32 MP: 11/11
  2786 | D:2      | Noticed a black bear
  2796 | D:2      | Killed a black bear
  2797 | D:2      | Reached skill level 1 in Conjurations
  2797 | D:2      | Reached skill level 1 in Hexes
  2797 | D:2      | Reached skill level 1 in Summonings
  2797 | D:2      | Reached skill level 1 in Necromancy
  2797 | D:2      | Reached skill level 1 in Translocations
  2797 | D:2      | Reached skill level 1 in Transmutations
  2797 | D:2      | Reached skill level 1 in Fire Magic
  2797 | D:2      | Reached skill level 1 in Air Magic
  2797 | D:2      | Reached skill level 1 in Earth Magic
  2797 | D:2      | Reached skill level 1 in Poison Magic
  2797 | D:2      | Reached XP level 5. HP: 23/37 MP: 3/12
  3445 | D:2      | Killed Robin
  3734 | D:2      | Noticed Sigmund
  3746 | D:2      | Killed Sigmund
  3747 | D:2      | Reached skill level 5 in Dodging
  3747 | D:2      | Reached XP level 6. HP: 32/44 MP: 8/14
  4817 | D:4      | Reached XP level 7. HP: 31/50 MP: 11/15
  5722 | D:5      | Entered Level 5 of the Dungeon
  5742 | D:5      | Reached skill level 5 in Stealth
  6214 | D:5      | Slain by a wyvern zombie

Illustrated notes

Levels and vault maps discovered:
D:1:      roderic_chinese_lattice_arrival, layout_loops_ring
D:2:      layout_loops_ring, uniq_sigmund, uniq_robin
D:3:      layout_loops_ring, nicolae_ecumenical_oubliette
D:4:      layout_loops_ring
D:5:      layout_gridville

Skill      XL: |  1  2  3  4  5  6  7 |
---------------+----------------------+-----
Spellcasting   | 5 |  5.8
Invocations    | 1 2 3 |  3.1
Fighting       | 1 2 |  2.8
Short Blades   | 1 2 |  2.8
Long Blades    | 1 2 |  2.8
Axes           | 1 2 |  2.8
Maces & Flails | 1 2 |  2.8
Polearms       | 1 2 |  2.8
Staves         | 1 2 |  2.8
Slings         | 1 2 |  2.8
Bows           | 1 2 |  2.8
Crossbows      | 1 2 |  2.8
Throwing       | 1 2 |  2.8
Armour         | 1 2 |  2.8
Shields        | 1 2 |  2.8
Unarmed Combat | 1 2 |  2.8
Evocations     | 1 2 |  2.8
Conjurations   | 1 2 |  2.3
Hexes          | 1 2 |  2.3
Summonings     | 1 2 |  2.3
Necromancy     | 1 2 |  2.3
Translocations | 1 2 |  2.3
Transmutations | 1 2 |  2.3
Fire Magic     | 1 2 |  2.3
Air Magic      | 1 2 |  2.3
Earth Magic    | 1 2 |  2.3
Poison Magic   | 1 2 |  2.3
Dodging        | 5 |  5.4
Stealth        | 5 |  5.1
Ice Magic      | |  7.5

Action                   |  1- 3 |  4- 6 |  7- 9 || total
-------------------------+-------+-------+-------++-------
Melee: Unarmed           |    88 |       |       ||    88
       Bite              |    16 |    23 |    21 ||    60
       Punch             |     1 |     1 |     6 ||     8
       Short sword       |    38 |    40 |       ||    78
       Dagger            |       |   119 |   124 ||   243
 Cast: Freeze            |    32 |       |       ||    32
       Frozen Ramparts   |       |     9 |     6 ||    15
       Ozocubu's Armour  |       |     1 |     2 ||     3
  Use: Scroll            |     4 |     4 |     3 ||    11
       Potion            |       |     1 |     1 ||     2
 Stab: Sleeping          |     9 |     6 |     6 ||    21
Armor: Robe              |    21 |    16 |    41 ||    78
Dodge: Dodged            |   100 |    99 |   104 ||   303

Table legend: (Time is in decaauts)
 A = Elapsed time spent in this place.
 B = Non-inter-level travel time spent in this place.
 C = Inter-level travel time spent in this place.
 D = Time resting spent in this place.
 E = Time spent auto-exploring this place.
 F = Levels seen in this place.
 G = Mean time per level.
                   A        B        C        D        E       F      G
               +--------+--------+--------+--------+--------+-----+--------+
         Total |   6192 |   6002 |    190 |      0 |   4998 |   5 | 1238.4 |
       Dungeon |   6192 |   6002 |    190 |      0 |   4998 |   5 | 1238.4 |
               +--------+--------+--------+--------+--------+-----+--------+

Top non-repeatable levels by time:
     D:1: 1976 daAuts
     D:2: 1437 daAuts
     D:3: 1154 daAuts
     D:4: 1140 daAuts
     D:5: 483 daAuts
